 Dungeon Crawl Stone Soup version 0.17.2-1-ge4368a0 (webtiles) character file.

89 magog001 the Conjurer (level 4, -2/33 HPs)
             Began as a Demigod Conjurer on Oct 21, 2016.
             Slain by Tobisume's ghost (11 damage)
             ... on level 3 of the Dungeon.
             The game lasted 00:21:06 (2891 turns).

magog001 the Conjurer (Demigod Conjurer)            Turns: 2891, Time: 00:21:06

Health: -2/33      AC:  4    Str: 11    XL:     4   Next: 10%
Magic:  9/10       EV:  8    Int: 19    God:
Gold:   83         SH:  0    Dex: 24    Spells: 3 memorised, 1 level left

rFire  . . .     SeeInvis .     n - +0 trident
rCold  . . .     Clarity  .     a - +0 robe
rNeg   . . .     SustAt   +     (no shield)
rPois  .         Gourm    .     p - +0 helmet
rElec  .         Spirit   .     (no cloak)
rCorr  .         Warding  .     (no gloves)
rMut   .         Stasis   .     o - +0 pair of boots
MR     .....                    (no amulet)
Stlth  +++.......               (no ring)
                                q - +6 ring of dexterity

@: not resistant to hostile enchantments, fairly stealthy
A: high mp 1, sustain attributes
a: no special abilities


You were on level 3 of the Dungeon.
You were not hungry.

You visited 1 branch of the dungeon, and saw 3 of its levels.

You collected 83 gold pieces.

Inventory:

Hand Weapons
 n - a +0 trident (weapon)
Missiles
 d - 17 arrows
 g - 20 bolts
 j - 13 arrows of frost
Armour
 a - a +0 robe (worn)
 m - a +1 ring mail of cold resistance
 o - a +0 pair of boots (worn)
 p - a +0 helmet (worn)
Jewellery
 q - a +6 ring of dexterity (left hand)
Potions
 e - a potion of lignification {unknown}
 h - 3 potions of curing
 k - 2 potions of brilliance {unknown}
Books
 b - a book of Conjurations

   Spells                             Type                      Level
   a - Magic Dart                     Conjuration                  1
   b - Searing Ray                    Conjuration                  2
   c - Dazzling Spray                 Conjuration/Hexes            3
   d - Fulminant Prism                Conjuration/Hexes            4
   e - Iskenderun's Mystic Blast      Conjuration                  4
   f - Iskenderun's Battlesphere      Conjuration/Charms           5
Comestibles
 c - 3 bread rations
 i - 3 fruits
 l - a meat ration


   Skills:
 * Level 1.9 Dodging
 + Level 2.2 Stealth
 * Level 2.5 Spellcasting
 * Level 4.6 Conjurations


You had one spell level left.
You knew the following spells:

 Your Spells              Type           Power        Failure   Level  Hunger
a - Magic Dart            Conj           ###.         2%          1    #......
b - Searing Ray           Conj           ###...       4%          2    ##.....
c - Iskenderun's Mystic   Conj           ###.....     28%         4    #####..


Dungeon Overview and Level Annotations

Branches:
Dungeon (3/15)

Annotations:
D:3 Robin; Tobisume's ghost, amateur DsGl


Innate Abilities, Weirdness & Mutations

You have an increased reservoir of magic (+10% MP).
Your attributes are resistant to harm.


Message History

The magic dart hits Tobisume's ghost.
Tobisume's ghost is lightly damaged.
Tobisume's ghost hits you! Tobisume's ghost hits you!
All of the chunks of flesh in your inventory have rotted away.
Tobisume's ghost says, "Your head would complement my pike nicely."
Casting: Magic Dart
Confirm with . or Enter, or press ? or * to list all spells.
Aiming: Magic Dart
Press: ? - help, Shift-Dir - straight line, f/p - Tobisume's ghost
Aim: Tobisume's ghost The magic dart hits Tobisume's ghost.
Tobisume's ghost is lightly damaged.
Tobisume's ghost hits you!
* * * LOW HITPOINT WARNING * * *
Tobisume's ghost shouts, "They lied to you.
The Dungeon just goes down and down forever."
Tobisume's ghost ripples.
There is a stone staircase leading up here.
Tobisume's ghost hits you!
You die...

#.##.##..g....#
#.##....##.#.##
#.########.#.#
#.# #.#.# #.#
#.#.# #.# #.#.#
#.# #.#g# #.#
#.#W# #.######
#.#@# #.#....#
#.#.# #.#.##.#
#.#.# #.#..#.#
#.#.# #.#..#.#
#.#.# #.#..#.#
#.#.# #.#..#.#
#.#.# #.#..#.#
#.#.# #.#..#.#
#.#.#


You could see Tobisume's ghost and a goblin.

Vanquished Creatures
  Terence (D:2)
  2 adders
  An ooze (D:1)
  A worm (D:3)
  A giant gecko (D:2)
  2 giant cockroaches
  3 goblins
  6 hobgoblins
  6 jackals
  5 kobolds
  2 bats
  A giant newt (D:2)
  9 rats
40 creatures vanquished.

Notes
Turn   | Place    | Note
--------------------------------------------------------------
     0 | D:1      | magog001 the Demigod Conjurer began the quest for the Orb.
     0 | D:1      | Reached XP level 1. HP: 14/14 MP: 5/5
   341 | D:1      | Reached skill level 4 in Conjurations
   341 | D:1      | Reached XP level 2. HP: 20/20 MP: 0/7
   411 | D:1      | Learned a level 2 spell: Searing Ray
   969 | D:2      | Found a white marble altar of Elyvilon.
  1420 | D:2      | Found a shimmering altar of Xom.
  1420 | D:2      | Found a burning altar of Makhleb.
  1569 | D:2      | Reached XP level 3. HP: 26/26 MP: 3/8
  1785 | D:2      | Noticed Terence
  2152 | D:2      | Killed Terence
  2616 | D:3      | Reached XP level 4. HP: 33/33 MP: 3/10
  2675 | D:3      | Learned a level 4 spell: Iskenderun's Mystic Blast
  2795 | D:3      | Noticed Robin
  2836 | D:3      | Noticed Tobisume's ghost (amateur DsGl)
  2891 | D:3      | Slain by Tobisume's ghost

Action                   |  1- 3 |  4- 6 || total
-------------------------+-------+-------++-------
Melee: Trident           |     5 |       ||     5
 Cast: Magic Dart        |   100 |     5 ||   105
       Searing Ray       |     6 |       ||     6
       Iskenderun's Myst |       |     2 ||     2
  Use: Scroll            |     1 |     2 ||     3
  Eat: Chunk             |     2 |     1 ||     3
       Meat ration       |     1 |       ||     1
